 Dungeon Crawl Stone Soup version 0.21.1-1-g345015f (console) character file.

3784 toffzen the Transmogrifier (level 10, -8/72 HPs)
             Began as a Gnoll Wanderer on June 15, 2018.
             Was a Follower of Hepliaklqana.
             Mangled by an eight-headed hydra (9 damage)
             ... on level 8 of the Dungeon.
             The game lasted 00:46:02 (10151 turns).

toffzen the Transmogrifier (Gnoll Wanderer)        Turns: 10151, Time: 00:46:03

Health: -8/72      AC: 15    Str: 19    XL:     10   Next: 16%
Magic:  18/18      EV: 10    Int: 15    God:    Hepliaklqana [*.....]
Gold:   603        SH:  0    Dex: 17    Spells: 20/20 levels left

rFire    . . .     SeeInvis .   a - +5 short sword {holy, rC+ rN+ Str+4}
rCold    + . .     Gourm    +   (no shield)
rNeg     + . .     Faith    .   x - +0 plate armour
rPois    .         Spirit   .   E - +0 helmet (curse)
rElec    .         Reflect  .   l - +0 cloak
rCorr    .         Harm     .   (no gloves)
MR       .....                  d - +0 pair of boots
Stlth    ..........             y - amulet of the gourmand
HPRegen  0.22/turn              h - +2 ring of evasion
MPRegen  0.16/turn              (no ring)

@: very slightly contaminated, invisible
A: distributed training, reduced essence, fangs 1, strong nose
a: Recall Ancestor, Ancestor Identity, Renounce Religion


You were on level 8 of the Dungeon.
You worshipped Hepliaklqana.
Hepliaklqana was aware of your devotion.
You were very full.

You visited 2 branches of the dungeon, and saw 9 of its levels.

You collected 603 gold pieces.

Inventory:

Hand Weapons
 a - the +5 short sword "Decraele" (weapon) {holy, rC+ rN+ Str+4}
   (You found it on level 6 of the Dungeon)

   It has been blessed by the Shining One to cause great damage to the undead
   and demons.
   It affects your strength (+4).
   It protects you from cold.
   It protects you from negative energy.
Missiles
 e - 193 stones
 i - 5 tomahawks (quivered)
 k - 103 bolts
 m - 2 throwing nets
 q - 51 poisoned needles
 C - 6 needles of sleeping
Armour
 d - a +0 pair of boots (worn)
 l - a +0 cloak (worn)
 x - a +0 plate armour (worn)
 E - a cursed +0 helmet (worn)
Jewellery
 h - a +2 ring of evasion (left hand)
 o - an uncursed ring of flight
 u - an uncursed ring of ice
 y - an amulet of the gourmand (around neck)
Scrolls
 j - a scroll of enchant weapon {unknown}
 n - 6 scrolls of remove curse
 s - a scroll of noise {unknown}
 w - a scroll of fear
 A - 2 scrolls of magic mapping
 G - a scroll of fog {unknown}
 I - a scroll of amnesia {unknown}
Potions
 g - 2 potions of brilliance
 p - a potion of lignification
 r - a potion of resistance
 z - 2 potions of curing
 B - 2 potions of heal wounds
 F - a potion of invisibility
Miscellaneous
 D - a box of beasts
Comestibles
 f - 20 rations
 t - 8 chunks of flesh


   Skills:
 + Level 8.3 Fighting
 + Level 4.9 Short Blades
 + Level 4.9 Long Blades
 + Level 4.9 Axes
 + Level 4.9 Maces & Flails
 + Level 4.9 Polearms
 + Level 4.9 Staves
 + Level 4.9 Slings
 + Level 4.9 Bows
 + Level 4.9 Crossbows
 + Level 5.6 Throwing
 + Level 4.9 Armour
 + Level 4.9 Dodging
 + Level 4.9 Stealth
 + Level 4.9 Shields
 + Level 4.9 Unarmed Combat
 + Level 5.7 Spellcasting
 + Level 4.0 Conjurations
 + Level 4.0 Hexes
 + Level 4.0 Charms
 + Level 4.0 Summonings
 + Level 4.0 Necromancy
 + Level 4.0 Translocations
 + Level 8.3 Transmutations
 + Level 4.0 Fire Magic
 + Level 4.0 Ice Magic
 + Level 4.0 Air Magic
 + Level 4.0 Earth Magic
 + Level 4.0 Poison Magic
 + Level 5.4 Invocations
 + Level 5.6 Evocations


You had 20 spell levels left.
You didn't know any spells.

Dungeon Overview and Level Annotations

Branches:
Dungeon (8/15)             Temple (1/1) D:6            Lair (0/6) D:8

Altars:
Ashenzari
Cheibriados
Dithmenos
Elyvilon
Fedhas
Gozag
Hepliaklqana
Kikubaaqudgha
Makhleb
Nemelex Xobeh
Okawaru
Ru
Sif Muna
Trog
Uskayaw
Vehumet
Wu Jian
Xom
Yredelemnul
Zin
The Shining One

Shops:
D:5 ([=!}   D:7 }


Innate Abilities, Weirdness & Mutations

Your experience applies equally to all skills.
You have very sharp teeth.
Your uncanny sense of smell can sniff out nearby items.
Your life essence is reduced to manifest your ancestor. (-10% HP)


Message History

The eight-headed hydra bites you! The eight-headed hydra bites you. x2
* * * LOW HITPOINT WARNING * * *
The eight-headed hydra bites you but does no damage.
The eight-headed hydra bites you.
* * * LOW HITPOINT WARNING * * *
Bob hits the eight-headed hydra.
Bob barely misses the eight-headed hydra.
You see here an iguana skeleton.
You hit the eight-headed hydra.
The eight-headed hydra is severely wounded.
The eight-headed hydra closely misses you.
The eight-headed hydra bites you.
* * * LOW HITPOINT WARNING * * *
The eight-headed hydra bites you!
* * * LOW HITPOINT WARNING * * *
The eight-headed hydra bites you but does no damage.
The eight-headed hydra bites you!
* * * LOW HITPOINT WARNING * * *
The eight-headed hydra bites you!
You die...

#######.#(#...,,,,,,,,
#.............,,,,,,,,
#........#,*,,,,***,,,
#........#,**,,,,,,**,
#......!.#,**,*,**,**,
#####.####,**,*,**,,,,
#R# *..#,,.##**** #D#
*#.#*,...# #@#
#.#*#.#.# #.#
###.###...##*# #.#
#......#...,,. #.#
#......#..###. #.#
#......##....#
#.###..<.....###.#
#..##.....(#......
##.##......######.
#.######.### #.


You could see the friendly Bob the ancestor and an eight-headed hydra.

Vanquished Creatures
  Pikel (D:5)
  A hippogriff (D:7)
  Menkaure (D:7)
  Duvessa (D:4)
  A water moccasin (D:8)
  An orc warrior (D:8)
  2 sky beasts
  2 slaves (D:4)
  A necrophage (D:8)
  2 black bears
  A phantom (D:4)
  An ogre (D:7)
  The ghost of Zubo the Firebug, an amateur DEFE (D:3)
  Blork the orc (D:4)
  2 bullfrogs (D:6)
  A wyvern zombie (D:7)
  2 scorpions
  Dowan (D:4)
  2 killer bees (D:7)
  2 wights
  4 crimson imps
  A centaur zombie (D:5)
  A bullfrog zombie (D:7)
  2 orc priests
  A hound (D:7)
  2 jellies
  4 orc wizards
  A bullfrog skeleton (D:5)
  3 iguanas
  Jessica (D:2)
  Ijyb (D:4)
  Natasha (thrice) (D:4)
  3 worker ants
  2 hound zombies
  2 worker ant zombies
  3 gnolls (D:2)
  14 adders
  4 shadow imps
  3 oozes
  A worm (D:5)
  7 leopard geckos
  22 orcs
  3 bats
  4 giant cockroaches
  5 goblins
  5 hobgoblins
  14 jackals
  5 quokkas
  2 ball pythons
  3 frilled lizards
  A jackal skeleton (D:7)
  A kobold (D:3)
  A leopard gecko skeleton (D:8)
  5 rats
161 creatures vanquished.

Vanquished Creatures (collateral kills)
  An ogre (D:8)
  A bullfrog (D:7)
  2 killer bees (D:8)
  An orc priest (D:7)
  An orc wizard (D:7)
  2 worker ants
  An orc (D:8)
  A leopard gecko skeleton (D:7)
10 creatures vanquished.

Vanquished Creatures (others)
  An ancestor (D:8)
  A jackal (D:5)
2 creatures vanquished.

Grand Total: 173 creatures vanquished

Notes
Turn   | Place    | Note
-------+----------+-------------------------------------------
     0 | D:1      | toffzen the Gnoll Wanderer began the quest for the Orb.
     0 | D:1      | toffzen set off with: a box of beasts, a potion of curing, a +0 spear, a +0 robe, a ration
     0 | D:1      | Reached XP level 1. HP: 23/23 MP: 4/4
   266 | D:1      | Reached XP level 2. HP: 16/29 MP: 5/5
   593 | D:1      | Reached XP level 3. HP: 35/35 MP: 7/7
  1141 | D:2      | Reached skill level 1 in Invocations
  1390 | D:2      | Found a burning altar of Makhleb.
  1396 | D:2      | Found a radiant altar of Vehumet.
  1430 | D:2      | Reached skill level 1 in Short Blades
  1430 | D:2      | Reached skill level 1 in Long Blades
  1430 | D:2      | Reached skill level 1 in Axes
  1430 | D:2      | Reached skill level 1 in Maces & Flails
  1430 | D:2      | Reached skill level 1 in Polearms
  1430 | D:2      | Reached skill level 1 in Staves
  1430 | D:2      | Reached skill level 1 in Slings
  1430 | D:2      | Reached skill level 1 in Bows
  1430 | D:2      | Reached skill level 1 in Crossbows
  1430 | D:2      | Reached skill level 1 in Armour
  1430 | D:2      | Reached skill level 1 in Dodging
  1430 | D:2      | Reached skill level 1 in Stealth
  1430 | D:2      | Reached skill level 1 in Shields
  1430 | D:2      | Reached skill level 1 in Unarmed Combat
  1752 | D:2      | Reached XP level 4. HP: 41/41 MP: 8/8
  2196 | D:2      | Noticed Jessica
  2221 | D:2      | Killed Jessica
  2221 | D:2      | Reached skill level 1 in Conjurations
  2221 | D:2      | Reached skill level 1 in Hexes
  2221 | D:2      | Reached skill level 1 in Charms
  2221 | D:2      | Reached skill level 1 in Summonings
  2221 | D:2      | Reached skill level 1 in Necromancy
  2221 | D:2      | Reached skill level 1 in Translocations
  2221 | D:2      | Reached skill level 1 in Fire Magic
  2221 | D:2      | Reached skill level 1 in Ice Magic
  2221 | D:2      | Reached skill level 1 in Air Magic
  2221 | D:2      | Reached skill level 1 in Earth Magic
  2221 | D:2      | Reached skill level 1 in Poison Magic
  2221 | D:2      | Reached XP level 5. HP: 47/47 MP: 9/9
  3158 | D:3      | Noticed Zubo's ghost (amateur DEFE)
  3196 | D:3      | Killed Zubo's ghost
  3196 | D:3      | Reached XP level 6. HP: 19/53 MP: 9/11
  3830 | D:4      | Noticed Natasha
  3876 | D:4      | Noticed Ijyb
  3941 | D:4      | Paralysed by Ijyb for 6 turns
  3973 | D:4      | Killed Ijyb
  4087 | D:4      | Noticed Blork the orc
  4096 | D:4      | Killed Blork the orc
  4255 | D:4      | Noticed a phantom
  4284 | D:4      | Killed a phantom
  4284 | D:4      | Reached XP level 7. HP: 51/59 MP: 12/12
  4498 | D:4      | Killed Natasha
  4800 | D:4      | Noticed Dowan
  4883 | D:4      | Killed Dowan
  5006 | D:4      | Noticed Natasha
  5018 | D:4      | Killed Natasha
  5058 | D:4      | Noticed Natasha
  5063 | D:4      | Killed Natasha
  5172 | D:4      | Noticed Duvessa
  5190 | D:4      | Killed Duvessa
  5190 | D:4      | Reached XP level 8. HP: 67/67 MP: 12/14
  5306 | D:5      | Entered Level 5 of the Dungeon
  5366 | D:5      | Found Hiagekh's Distillery.
  5409 | D:5      | Found a snail-covered altar of Cheibriados.
  5409 | D:5      | Found Femecau's Jewellery Boutique.
  5549 | D:5      | Found Jemeymon's Gadget Shoppe.
  5700 | D:5      | Found Gyomol's Antique Weapon Shoppe.
  5721 | D:5      | Noticed Pikel
  5900 | D:5      | Found a shimmering altar of Xom.
  6108 | D:5      | Found Wech's Armour Shop.
  6228 | D:5      | Killed Pikel
  6543 | D:5      | Found a bloodstained altar of Trog.
  6543 | D:5      | Found a blossoming altar of Fedhas.
  6758 | D:6      | Reached XP level 9. HP: 71/72 MP: 16/16
  7240 | D:6      | Got an ancient short sword
  7246 | D:6      | Identified the +5 short sword "Decraele" {holy, rC+ rN+ Str+4} (You found it on level 6 of the Dungeon)
  7381 | D:6      | Found a staircase to the Ecumenical Temple.
  7387 | Temple   | Entered the Ecumenical Temple
  7511 | Temple   | Became a worshipper of Hepliaklqana the Forgotten
  7755 | D:6      | Reached skill level 5 in Spellcasting
  8196 | D:7      | Noticed Menkaure
  8452 | D:7      | Reached skill level 5 in Throwing
  8452 | D:7      | Reached skill level 5 in Evocations
  8522 | D:7      | Reached * piety under Hepliaklqana
  8787 | D:7      | Found Ivoeseap's Gadget Emporium.
  9488 | D:7      | Killed Menkaure
  9488 | D:7      | Reached skill level 5 in Invocations
  9735 | D:8      | Reached XP level 10. HP: 49/72 MP: 18/18
  9738 | D:8      | Noticed an eight-headed hydra
  9825 | D:8      | Found an iron altar of Okawaru.
 10015 | D:8      | Found a shimmering altar of Xom.
 10015 | D:8      | Found an opulent altar of Gozag.
 10151 | D:8      | HP: 1/72 [eight-headed hydra (7)]
 10151 | D:8      | Mangled by an eight-headed hydra

Skill      XL: |  1  2  3  4  5  6  7  8  9 10 |
---------------+-------------------------------+-----
Invocations    | 1 2 3 4 5 |  5.4
Short Blades   | 1 2 3 4 |  4.9
Long Blades    | 1 2 3 4 |  4.9
Axes           | 1 2 3 4 |  4.9
Maces & Flails | 1 2 3 4 |  4.9
Polearms       | 1 2 3 4 |  4.9
Staves         | 1 2 3 4 |  4.9
Slings         | 1 2 3 4 |  4.9
Bows           | 1 2 3 4 |  4.9
Crossbows      | 1 2 3 4 |  4.9
Armour         | 1 2 3 4 |  4.9
Dodging        | 1 2 3 4 |  4.9
Stealth        | 1 2 3 4 |  4.9
Shields        | 1 2 3 4 |  4.9
Unarmed Combat | 1 2 3 4 |  4.9
Spellcasting   | 3 4 5 |  5.7
Conjurations   | 1 2 3 4 |  4.0
Hexes          | 1 2 3 4 |  4.0
Charms         | 1 2 3 4 |  4.0
Summonings     | 1 2 3 4 |  4.0
Necromancy     | 1 2 3 4 |  4.0
Translocations | 1 2 3 4 |  4.0
Fire Magic     | 1 2 3 4 |  4.0
Ice Magic      | 1 2 3 4 |  4.0
Air Magic      | 1 2 3 4 |  4.0
Earth Magic    | 1 2 3 4 |  4.0
Poison Magic   | 1 2 3 4 |  4.0
Throwing       | 3 4 5 |  5.6
Evocations     | 3 4 5 |  5.6
Fighting       | 7 8 |  8.3
Transmutations | 8 |  8.3

Action                   |  1- 3 |  4- 6 |  7- 9 | 10-12 || total
-------------------------+-------+-------+-------+-------++-------
Melee: Spear             |   133 |   306 |     7 |       ||   446
       Bite              |    10 |    29 |    60 |     4 ||   103
       Punch             |       |     4 |    10 |     2 ||    16
       Mace              |       |       |   240 |       ||   240
       Short sword       |       |       |   125 |    37 ||   162
Throw: Stone             |     7 |    55 |    61 |    13 ||   136
       Tomahawk          |       |       |       |     2 ||     2
Invok: Recall Ancestor   |       |       |     2 |       ||     2
       Ancestor Identity |       |       |     1 |       ||     1
Evoke: Wand              |       |     6 |     8 |       ||    14
       Box of beasts     |       |       |       |     1 ||     1
  Use: Scroll            |     3 |     3 |     7 |     3 ||    16
       Potion            |       |     6 |     1 |     1 ||     8
 Stab: Paralysed         |       |    16 |    11 |       ||    27
       Sleeping          |       |     1 |     9 |       ||    10
       Invisible         |       |       |     2 |       ||     2
       Distracted        |       |       |     1 |       ||     1
  Eat: Ration            |     1 |     2 |     2 |       ||     5
       Chunk             |       |     4 |    16 |     1 ||    21
Armor: Scale mail        |    64 |    20 |       |       ||    84
       Skin              |       |    27 |       |       ||    27
       Ring mail         |       |    52 |   101 |     5 ||   158
       Plate armour      |       |       |       |    14 ||    14
Dodge: Dodged            |    42 |   122 |   239 |    33 ||   436
